 Dungeon Crawl Stone Soup version 0.30-a0-782-ge64f9170bb (webtiles) character file.

Game seed: 15768383242484865773

53704 theswoord the Myrmidon (level 14, -2/120 HPs)
             Began as a Demonspawn Gladiator on Mar 13, 2023.
             Was an Elder of Okawaru.
             Slain by a hellwing (8 damage)
             ... on level 3 of the Abyss.
             The game lasted 00:47:36 (27900 turns).

theswoord the Myrmidon (Demonspawn Gladiator)      Turns: 27900, Time: 00:47:36

Health: -2/120     AC: 20    Str: 18    XL:     14   Next: 31%
Magic:  0/25       EV: 12    Int: 11    God:    Okawaru [****..]
Gold:   1978       SH:  0    Dex: 15    Spells: 13/13 levels left

rFire   . . .      SeeInvis +    a - +1 quarterstaff
rCold   + . .      Faith    .    (shield currently unavailable)
rNeg    . . .      Spirit   +    z - +0 plate armour
rPois   .          Reflect  .    (helmet unavailable)
rElec   .          Harm     .    (no cloak)
rCorr   .          Rampage  .    (no gloves)
Will    +....                    T - +2 pair of boots Stlth
                                 s - amulet of guardian spirit
HPRegen 0.40/turn                C - ring of protection from cold
MPRegen 0.19/turn                D - +5 ring of evasion

@: about to teleport
A: antennae 3, rugged brown scales 2, foul stench 2
a: Renounce Religion, Heroism, Finesse


You were on level 3 of the Abyss.
You worshipped Okawaru.
Okawaru was greatly pleased with you.
You visited 4 branches of the dungeon, and saw 19 of its levels.
You visited the Abyss 1 time.
You also visited: Sewer.

You collected 1978 gold pieces.

Inventory:

Hand Weapons
 a - a +1 quarterstaff (weapon)
Missiles
 b - 4 javelins (quivered)
Armour
 z - a +0 plate armour (worn)
 T - a +2 pair of boots (worn)
 U - the +0 mask of the Dragon {Will+ Slay+3 SInv}
   (You found it on level 5 of the Lair of Beasts)

   Slay:      It affects your accuracy & damage with ranged weapons and melee
   (+3).
   SInv:      It lets you see invisible.
   Will:      It increases your willpower.
 V - the +0 hat "Gaeroet" {Int+5 Slay+2}
   (Okawaru gifted it to you on level 5 of the Lair of Beasts)

   Int:       It affects your intelligence (+5).
   Slay:      It affects your accuracy & damage with ranged weapons and melee
   (+2).
Jewellery
 c - a +4 ring of protection
 s - an amulet of guardian spirit (around neck)
 C - a ring of protection from cold (left hand)
 D - a +5 ring of evasion (right hand)
 E - a ring of see invisible
Wands
 m - a wand of light (2)
 O - a wand of mindburst (7)
Scrolls
 g - 3 scrolls of magic mapping
 j - 3 scrolls of immolation
 t - 2 scrolls of amnesia
 u - 4 scrolls of vulnerability
 w - 2 scrolls of silence
 y - 2 scrolls of teleportation
 A - 5 scrolls of poison
 B - 2 scrolls of enchant weapon
 F - 11 scrolls of identify
 H - a scroll of fog
 I - 3 scrolls of enchant armour
Potions
 f - 2 potions of flight
 h - 2 potions of degeneration
 o - 6 potions of brilliance
 G - a potion of mutation
 K - 2 potions of magic
 M - 2 potions of lignification


   Skills:
 + Level 12.2 Fighting
 - Level 14.0 Staves
 - Level 1.7 Throwing
 + Level 11.1 Armour
 + Level 3.0 Dodging
 - Level 15.3 Invocations


You had 13 spell levels left.
You didn't know any spells.
Your spell library was empty.

Dungeon Overview and Level Annotations

Branches:
Dungeon (11/15)            Temple (1/1) D:7            Lair (5/5) D:9
  Swamp (0/4) Lair:2       Spider (0/4) Lair:2        Slime (0/5) Lair:4
    Orc (2/2) D:10          Sewer (visited)
    Elf: Orc:2

Altars:
Ashenzari
Cheibriados
Dithmenos
Fedhas
Gozag
Hepliaklqana
Kikubaaqudgha
Makhleb
Nemelex Xobeh
Okawaru
Qazlal
Ru
Sif Muna
Trog
Uskayaw
Vehumet
Wu Jian
Xom
Yredelemnul
Lugonu

Shops:
D:4 [   D:7 *

Portals:
Abyss: Lair:5

Annotations:
D:11 Erolcha
Lair:1 exclusion: oklob plant
Lair:3 2 transporters, mopl's ghost, journeyman GrFi
Orc:1 Donald


Innate Abilities, Weirdness & Mutations

You have a pair of large antennae on your head. (SInv)
You are mostly covered in rugged brown scales. (AC +2, +5% HP)
You sometimes emit foul miasma when damaged in melee.


Message History

* * * LOW HITPOINT WARNING * * *
A vampire mage comes into view.
The starflower tentacle-slaps you from afar!
* * * LOW HITPOINT WARNING * * *
You blink.
The hellwing swoops through the air toward you!
The hellwing hits you but does no damage.
The hellwing misses you.
The starflower tentacle-slaps you from afar!
* * * LOW HITPOINT WARNING * * *
Space warps around you.
* * * LOW HITPOINT WARNING * * *
The starflower tentacle-slaps you but does no damage.
The hellwing closely misses you. The hellwing hits you.
* * * LOW HITPOINT WARNING * * *
The hellwing attacks as you move away!
The hellwing hits you but does no damage. x2
The starflower tentacle-slaps you from afar.
* * * LOW HITPOINT WARNING * * *
You blink.
The hellwing hits you but does no damage. x2
The hellwing misses you.
The hellwing hits you but does no damage.
The hellwing barely misses you. The hellwing misses you.
You feel much better. The hellwing hits you!
* * * LOW HITPOINT WARNING * * *
You emit a cloud of foul miasma!
The hellwing barely misses you. The hellwing hits you.
* * * LOW HITPOINT WARNING * * *
The hellwing barely misses you.
The starflower tentacle-slaps you but does no damage. x2
The hellwing closely misses you. The hellwing hits you.
* * * LOW HITPOINT WARNING * * *
You emit a cloud of foul miasma!
The hellwing hits you.
* * * LOW HITPOINT WARNING * * *
The hellwing misses you. The starflower barely misses you.
The starflower tentacle-slaps you but does no damage.
The hellwing hits you!
You die...

#..#.####.#.
~~.#. #
#..##.....~~~..
#. # #........
~~..##. #
#.###.#.... .~~~
##.##
..##..#...## .~~
. #...#....#
#..~~~ #.##.
#...ยง.#.###.~~~.
##.# . ..#.444###
#.~~~.##... ##.
###@## #. . ... #
..#.. ##4#
.......#...
#V..{##..### #
......####
#....P.# #.. ..#.
.#..###
.......#..
#.##...# .. .. #.
#..# ## . . ##.#
# ...# #. . . #.
...#


You could see a starflower and 4 hellwings.

Vanquished Creatures
  7 hydras
  3 boulder beetles
  A centaur warrior (D:10)
  3 two-headed ogres
  3 death yaks (Lair:3)
  Urug (Lair:1)
  4 thrashing horrors (Lair:5)
  An orb spider (Lair:2)
  A lindwurm (Lair:3)
  An orc sorcerer (Orc:1)
  An elephant (D:8)
  A torpor snail (Lair:5)
  A gargoyle (D:11)
  6 black mambas
  3 smoke demons (Lair:5)
  8 cane toads
  An unseen horror (D:7)
  5 komodo dragons
  3 rime drakes
  Psyche (D:8)
  2 ancient zymes (Lair:5)
  A troll (D:10)
  2 polar bears
  A hornet (D:9)
  28 blink frogs
  6 dream sheep (Lair:5)
  A spriggan (Lair:5)
  A wraith (D:11)
  A ynoxinul (Lair:5)
  6 wyverns
  53 yaks
  8 basilisks
  3 chaos spawn (Lair:5)
  4 vampire mosquitoes
  2 large abominations (Lair:5)
  Edmund (D:4)
  Menkaure (D:5)
  2 wargs
  An acid dragon (D:10)
  8 water moccasins
  Duvessa (D:5)
  5 sky beasts
  12 orc warriors
  2 ice beasts
  Pargi (Sewer)
  3 black bears
  An ogre (Orc:1)
  31 wolves
  14 small abominations (Lair:5)
  4 centaurs
  A phantom (D:4)
  2 kobold brigands
  11 bullfrogs
  A gnoll sergeant (D:4)
  A scorpion (D:4)
  Dowan (D:5)
  8 wights
  12 killer bees
  2 electric eels
  3 howler monkeys
  9 hounds
  2 jellies
  4 gnoll boudas
  17 orc priests
  Jessica (D:2)
  Ijyb (D:4)
  24 orc wizards
  A mummy (D:6)
  Robin (D:2)
  16 gnolls
  8 adders
  A shadow imp (D:7)
  An ufetubus (D:6)
  4 worms
  A dart slug (D:5)
  75 orcs
  10 ball pythons
  3 endoplasms
  5 giant cockroaches
  18 goblins
  9 hobgoblins
  4 jackals (D:2)
  4 quokkas
  8 bats
  7 frilled lizards
  22 kobolds
  15 rats
574 creatures vanquished.

Vanquished Creatures (others)
  An orc wizard (Orc:1)
  A bush (Lair:1)
  32 fungi
  47 plants
81 creatures vanquished.

Grand Total: 655 creatures vanquished

Notes
Turn   | Place    | Note
-------+----------+-------------------------------------------
     0 | D:1      | theswoord the Demonspawn Gladiator began the quest for the
                  | Orb.
     0 | D:1      | Reached XP level 1. HP: 16/16 MP: 1/1
   175 | D:1      | Gained mutation: You are partially covered in rugged brown
                  | scales. (AC +1, +3% HP) [demonic ancestry]
   175 | D:1      | Reached XP level 2. HP: 16/22 MP: 2/2
   423 | D:1      | Reached XP level 3. HP: 27/27 MP: 3/3
  1176 | D:2      | Noticed Jessica
  1180 | D:2      | Killed Jessica
  1181 | D:2      | Gained mutation: You may rarely emit foul miasma when
                  | damaged in melee. [demonic ancestry]
  1181 | D:2      | Reached XP level 4. HP: 18/33 MP: 4/4
  1391 | D:2      | Noticed Robin
  1581 | D:2      | Killed Robin
  1582 | D:2      | Reached skill level 5 in Staves
  1837 | D:2      | Found a faded altar of an unknown god.
  2116 | D:3      | Identified the +0 leather armour of Happiness {Fly rF+
                  | Stlth+}
  2152 | D:3      | Reached XP level 5. HP: 29/39 MP: 5/5
  2486 | D:3      | Found a glowing drain.
  2500 | Sewer    | Entered a sewer
  2517 | Sewer    | Noticed Pargi
  2527 | Sewer    | Killed Pargi
  2528 | Sewer    | Reached XP level 6. HP: 38/45 MP: 6/6
  3038 | D:4      | Noticed a sky beast
  3077 | D:4      | Killed a sky beast
  3168 | D:4      | Found Muarit's Armour Shoppe.
  3453 | D:4      | Gained mutation: You sometimes emit foul miasma when
                  | damaged in melee. [demonic ancestry]
  3453 | D:4      | Reached XP level 7. HP: 38/51 MP: 7/7
  3569 | D:4      | Found a blossoming altar of Fedhas.
  3774 | D:4      | Noticed Ijyb
  3792 | D:4      | Killed Ijyb
  4205 | D:4      | Noticed Edmund
  4221 | D:4      | Killed Edmund
  4516 | D:5      | Entered Level 5 of the Dungeon
  4532 | D:5      | Gained mutation: You are mostly covered in rugged brown
                  | scales. (AC +2, +5% HP) [demonic ancestry]
  4532 | D:5      | Reached XP level 8. HP: 44/58 MP: 8/8
  4640 | D:5      | Found a basalt altar of Yredelemnul.
  4640 | D:5      | Found a stormy altar of Qazlal.
  4835 | D:5      | Noticed Duvessa
  4835 | D:5      | Noticed Menkaure
  4836 | D:5      | Noticed Dowan
  4847 | D:5      | Killed Duvessa
  4852 | D:5      | Killed Dowan
  4855 | D:5      | Killed Menkaure
  4856 | D:5      | Reached skill level 10 in Staves
  5941 | D:6      | Found a shimmering altar of Xom.
  5976 | D:6      | Found a snail-covered altar of Cheibriados.
  6415 | D:7      | Gained mutation: You have a pair of small antennae on your
                  | head. [demonic ancestry]
  6415 | D:7      | Reached XP level 9. HP: 55/64 MP: 5/9
  6654 | D:7      | Found a staircase to the Ecumenical Temple.
  6671 | Temple   | Entered the Ecumenical Temple
  6924 | Temple   | Became a worshipper of Warmaster Okawaru
  7058 | D:7      | Noticed an unseen horror
  7061 | D:7      | Killed an unseen horror
  7061 | D:7      | Reached * piety under Okawaru
  7362 | D:7      | Found an ornate altar of the Wu Jian Council.
  7411 | D:7      | Found Keethuimu's CLEARANCE SALE!.
  8189 | D:8      | Reached skill level 1 in Invocations
  8274 | D:8      | Reached skill level 1 in Armour
  8356 | D:8      | Reached skill level 2 in Invocations
  8371 | D:8      | Reached ** piety under Okawaru
  8657 | D:8      | Reached XP level 10. HP: 48/73 MP: 8/11
  8780 | D:8      | Noticed Psyche
  8795 | D:8      | Killed Psyche
  8796 | D:8      | Reached skill level 3 in Invocations
  9434 | D:9      | Noticed an elephant
  9435 | D:9      | Found a staircase to the Lair.
  9453 | D:8      | Killed an elephant
  9600 | D:9      | Reached skill level 4 in Invocations
  9671 | D:9      | Paralysed by a hornet for 1 turns
  9875 | D:9      | Reached *** piety under Okawaru
  9876 | D:9      | Reached skill level 5 in Invocations
 10111 | D:9      | Noticed a boulder beetle
 10112 | D:9      | Noticed a boulder beetle
 10179 | D:9      | Reached skill level 5 in Fighting
 10192 | D:9      | Reached skill level 6 in Invocations
 10219 | D:9      | Killed a boulder beetle
 10219 | D:9      | Reached **** piety under Okawaru
 10228 | D:9      | Killed a boulder beetle
 10229 | D:9      | Reached XP level 11. HP: 34/84 MP: 7/15
 10907 | D:10     | Entered Level 10 of the Dungeon
 11234 | Lair:1   | Entered Level 1 of the Lair of Beasts
 11251 | Lair:1   | Noticed Urug
 11264 | Lair:1   | Reached skill level 7 in Invocations
 11284 | Lair:1   | Reached ***** piety under Okawaru
 11289 | Lair:1   | Reached skill level 5 in Armour
 11310 | Lair:1   | HP: 4/85 [Urug/+3 great mace (17)]
 11322 | Lair:1   | Killed Urug
 11606 | Lair:1   | Noticed an oklob plant
 11706 | Lair:1   | Identified the -2 pair of gloves of Melancholy {rF+}
                  | (Okawaru gifted it to you on level 1 of the Lair of Beasts)
 11706 | Lair:1   | Received a gift from Okawaru
 11722 | Lair:1   | Reached skill level 8 in Invocations
 12493 | Lair:1   | Reached skill level 9 in Invocations
 13296 | Lair:1   | Reached XP level 12. HP: 73/95 MP: 16/19
 13421 | Lair:1   | Noticed a five-headed hydra
 13488 | Lair:1   | Reached skill level 10 in Invocations
 13539 | Lair:1   | HP: 2/96 [five-headed hydra (7)]
 13542 | Lair:1   | Killed a five-headed hydra
 13542 | Lair:1   | Received a gift from Okawaru
 14562 | Lair:2   | Found a staircase to the Swamp.
 14610 | Lair:2   | Reached skill level 11 in Invocations
 15017 | Lair:2   | Found a hole to the Spider Nest.
 15166 | Lair:2   | Received a gift from Okawaru
 15807 | Lair:3   | Noticed a boulder beetle
 15816 | Lair:3   | Noticed an eight-headed hydra
 15817 | Lair:3   | Noticed mopl's ghost (journeyman GrFi)
 16538 | Lair:3   | Found a transporter.
 16541 | Lair:3   | Found a transporter.
 16547 | Lair:3   | Noticed a four-headed hydra
 16558 | Lair:3   | Killed a four-headed hydra
 16852 | Lair:3   | Noticed a five-headed hydra
 16866 | Lair:3   | Killed a five-headed hydra
 16866 | Lair:3   | Received a gift from Okawaru
 17212 | Lair:3   | Noticed a four-headed hydra
 17223 | Lair:3   | Killed a four-headed hydra
 17224 | Lair:3   | Reached skill level 12 in Invocations
 17363 | Lair:3   | Noticed a death yak
 17364 | Lair:3   | Noticed a death yak
 17365 | Lair:3   | Noticed a death yak
 17402 | Lair:3   | Killed a death yak
 17411 | Lair:3   | Killed a death yak
 17411 | Lair:3   | Received a gift from Okawaru
 17420 | Lair:3   | Killed a death yak
 17421 | Lair:3   | Gained mutation: You have a pair of antennae on your head.
                  | [demonic ancestry]
 17421 | Lair:3   | Reached XP level 13. HP: 35/108 MP: 7/22
 18155 | Lair:4   | Reached skill level 10 in Fighting
 18991 | Lair:4   | Reached ****** piety under Okawaru
 18991 | Lair:4   | Received a gift from Okawaru
 19265 | Lair:4   | Found a staircase to the Slime Pits.
 19560 | Lair:5   | Entered Level 5 of the Lair of Beasts
 20004 | Lair:4   | Reached skill level 13 in Invocations
 21301 | Lair:5   | Found the +0 mask of the Dragon {Will+ Slay+3 SInv}
 21817 | Lair:5   | Reached skill level 10 in Armour
 22056 | Lair:5   | Reached skill level 14 in Invocations
 22393 | Lair:5   | Identified the +0 hat "Gaeroet" {Int+5 Slay+2} (Okawaru
                  | gifted it to you on level 5 of the Lair of Beasts)
 22393 | Lair:5   | Received a gift from Okawaru
 23464 | Lair:5   | Gained mutation: You have a pair of large antennae on your
                  | head. (SInv) [demonic ancestry]
 23464 | Lair:5   | Reached XP level 14. HP: 84/119 MP: 18/25
 23718 | Lair:5   | Found a corrupted altar of Lugonu.
 23718 | Lair:5   | Found a one-way gate to the infinite horrors of the Abyss.
 24244 | D:10     | Found a staircase to the Orcish Mines.
 24511 | D:10     | Found a shimmering blue altar of Sif Muna.
 24795 | D:10     | Found a bloodstained altar of Trog.
 25306 | Lair:2   | Reached skill level 15 in Invocations
 25724 | Orc:1    | Entered Level 1 of the Orcish Mines
 27039 | Orc:2    | Entered Level 2 of the Orcish Mines
 27039 | Orc:2    | Noticed Donald
 27714 | D:11     | Noticed Erolcha
 27727 | Abyss:2  | Cast into level 2 of the Abyss (Erolcha)
 27773 | Abyss:2  | Noticed a yellow draconian annihilator
 27782 | Abyss:2  | Found a corrupted altar of Lugonu.
 27851 | Abyss:3  | Noticed a bone dragon
 27893 | Abyss:3  | Noticed a starflower
 27896 | Abyss:3  | HP: 6/120 [hellwing (1)]
 27900 | Abyss:3  | Slain by a hellwing

Skill      XL: |  1  2  3  4  5  6  7  8  9 10 11 12 13 14 |
---------------+-------------------------------------------+-----
Staves         | 3 4 5 6 7 9 11 12 13 14 | 14.0
Invocations    | 2 6 9 12 14 15 | 15.3
Armour         | 1 4 6 8 10 11 | 11.1
Fighting       | 3 5 7 9 11 12 | 12.2
Dodging        | 3 |  3.0
Throwing       | |  1.7

Action                     |  1- 3 |  4- 6 |  7- 9 | 10-12 | 13-15 || total
---------------------------+-------+-------+-------+-------+-------++-------
  Melee: Quarterstaff      |   155 |   255 |   402 |   928 |  1209 ||  2949
         Unarmed           |       |       |       |     8 |       ||     8
  Throw: Throwing net      |       |     3 |       |       |     5 ||     8
         Javelin           |       |     1 |       |     2 |       ||     3
 Invoke: Finesse           |       |       |       |     3 |     3 ||     6
         Heroism           |       |       |       |     5 |     7 ||    12
  Evoke: Wand              |       |       |     3 |     2 |     2 ||     7
    Use: Scroll            |     8 |     3 |    11 |    10 |    11 ||    43
         Potion            |       |     2 |     8 |    16 |     5 ||    31
   Stab: Sleeping          |     1 |     1 |       |       |       ||     2
         Held in net/web   |       |       |       |       |     1 ||     1
 Armour: Leather armour    |    53 |       |       |       |       ||    53
         Chain mail        |       |   108 |       |       |       ||   108
         Skin              |       |    35 |    19 |       |       ||    54
         Plate armour      |       |    84 |   216 |   420 |   573 ||  1293
         Troll leather arm |       |     1 |       |       |       ||     1
  Dodge: Dodged            |   106 |    99 |   136 |   456 |   597 ||  1394

Levels and vault maps discovered:
D:1:      nzn_arrival_depleted_hourglass, layout_rooms, kennysheep_boxes
D:2:      minmay_diamond_boxcup, layout_loops_cross,
          shapermc_ecumenical_altar_petra, minmay_domino_4, uniq_jessica,
          uniq_robin
D:3:      wad_pebble_path, layout_basic, portal_sewer_entry_a, minivault_5
D:4:      layout_gridville, fedhas_ov_isle_minmay, serial_shops,
          nicolae_shop_trees, hangedman_glass_garden, minmay_stone_trees_medium,
          minmay_misc_feat_x, grunt_decor_arrowhead, minmay_quantized,
          uniq_ijyb, uniq_edmund
D:5:      layout_loops_ring, gammafunk_temple_overflow_wave,
          nicolae_kite_square_tiling_tiny, skrybe_limestone_x,
          nicolae_grassy_gnolls, uniq_duvessa, uniq_menkaure
D:6:      nicolae_cairo_tiling, layout_loops_corners, xom_teletrap_fun,
          zin_academy, slow_altar_1
D:7:      layout_layer_cave, nicolae_wu_jian_wuxing_cycle,
          minmay_temple_entry_junction, grunt_ministairs_1,
          nicolae_shop_clearance
D:8:      layout_basic, uniq_psyche
D:9:      layout_irregular_city, david_lair_generic, minmay_chambers_of_fives
D:10:     layout_irregular_city, kennysheep_little_box,
          mainiacjoe_overflow_alcove_2, orc_0_dummy
D:11:     layout_basic, uniq_erolcha
Temple:   nicolae_temple_bog_church
Lair:1:   layout_cave_pods, minmay_lair_oklob_items, uniq_urug
Lair:2:   layout_chaotic_city, swamp_mist, nicolae_spider_entry_orb_guardian,
          serial_bayou_ford_a, grunt_megastairs_1
Lair:3:   layout_layer_cave, gauntlet_entry_generic, gammafunk_ghost_hive,
          minivault_26, st_stairs_5, minivault_23,
          chequers_serial_rivers_small_3
Lair:4:   layout_gridlike, slime_entry_1
Lair:5:   hellmonk_lair_end_abyssal_woods, layout_regular_city,
          serial_bayou_shore_a, grunt_megastairs_4
Orc:1:    minmay_goldmine, layout_diamond_mine, basic_altar,
          nicolae_orc_damp_corner, mines4_lemuel
Orc:2:    st_orc_open, layout_diamond_mine, serial_shops,
          nicolae_shop_advertising_works [nicolae_subvault_shop_adworks],
          nicolae_shop_overcharged_wands, uniq_rupert, uniq_donald
Abyss:3:  base: Lair:4, evilmike_abyss_exit_16
